 Dungeon Crawl Stone Soup version 0.20.1-1-g8b1a95d (webtiles) character file.

41 lysyklops the Chiller (level 3, -1/19 HPs)
             Began as a Deep Elf Ice Elementalist on Nov 11, 2017.
             Slain by a worm (7 damage)
             ... on level 2 of the Dungeon.
             The game lasted 00:12:53 (1540 turns).

lysyklops the Chiller (Deep Elf Ice Elementalist)   Turns: 1540, Time: 00:12:53

Health: -1/19      AC:  2    Str:  6    XL:     3   Next: 32%
Magic:  1/10       EV: 13    Int: 19    God:
Gold:   60         SH:  0    Dex: 13    Spells: 6/9 levels left

rFire    . . .     SeeInvis .   s - +1 dagger
rCold    . . .     Gourm    .   (no shield)
rNeg     . . .     Faith    .   a - +0 robe
rPois    .         Spirit   .   (no helmet)
rElec    .         Reflect  .   (no cloak)
rCorr    .         Harm     .   (no gloves)
MR       .....                  (no boots)
Stlth    ++........             (no amulet)
Regen    0.1/turn               k - -2 ring of dexterity (curse)
MPRegen  0.2/turn               (no ring)

@: no status effects
A: no striking features
a: no special abilities


You were on level 2 of the Dungeon.
You were not hungry.

You visited 1 branch of the dungeon, and saw 2 of its levels.

You collected 60 gold pieces.

Inventory:

Hand Weapons
 d - a +0 club
 e - a +0 club
 j - a +0 club
 m - a +0 club
 p - a +0 club
 s - a +1 dagger (weapon)
 u - a +0 dagger
 x - a +0 dagger
 z - a +0 dagger
 B - a +0 trident
 C - a cursed -1 dagger
Missiles
 i - 63 stones (quivered)
 l - 38 bolts
 q - 28 sling bullets
 r - 17 arrows
Armour
 a - a +0 robe (worn)
 f - a +0 ring mail
 g - a +0 robe
Jewellery
 k - a cursed -2 ring of dexterity (left hand)
 A - a +3 ring of strength {unknown}
Scrolls
 w - 2 scrolls of teleportation {unknown}
 y - a scroll of remove curse {unknown}
Potions
 h - a potion of curing {unknown}
 t - a potion of might {unknown}
Books
 b - a book of Frost

   Spells                             Type                      Level
   a - Freeze                         Ice                          1
   b - Throw Frost                    Conjuration/Ice              2
   c - Ozocubu's Armour               Charms/Ice                   3
   d - Throw Icicle                   Conjuration/Ice              4
   e - Summon Ice Beast               Ice/Summoning                4
Comestibles
 c - 3 bread rations
 n - 3 fruits
 o - 5 chunks of flesh
 v - a meat ration


   Skills:
 + Level 2.7 Dodging
 + Level 2.6 Stealth
 + Level 3.7 Spellcasting
 + Level 1.2 Conjurations
 + Level 4.1 Ice Magic


You had 6 spell levels left.
You knew the following spells:

 Your Spells              Type           Power        Failure   Level  Hunger
a - Freeze                Ice            ###.         2%          1    None
b - Throw Frost           Conj/Ice       ##....       7%          2    ##.....


Dungeon Overview and Level Annotations

Branches:
Dungeon (2/15)

Altars:


Message History

You freeze the worm.
The worm is severely wounded.
The worm bites you!
You barely miss the worm.
The worm is severely wounded.
The worm bites you.
You hit the worm but do no damage.
The worm is heavily wounded.
You hit the worm.
The worm is severely wounded.
The worm closely misses you.
You hit the worm.
The worm is severely wounded.
You hit the worm but do no damage.
The worm is severely wounded.
The worm closely misses you.
You hit the worm.
The worm is severely wounded.
The worm bites you!
You die...

#...######.####...##.#.........#
##.......#.# ##..##.##.÷.....##
#...###.#.. .......###.....##
#.#.# #.########.#### ##...##
#.#.###.# #.....# ##'##
#.......# #.#.#.# #.# ###.#####
##.#.#.# #.# ####.# #....#.###
##.###### .....#
#..@.....###........ ######
#.w#####.##...#.#### #.)
#..†..###.# #.. #.####.# ## #..
#.# #.# ##. #.# ## #. ..# ## ###


You could see a worm.

Vanquished Creatures
  An ooze (D:1)
  A dart slug (D:1)
  A leopard gecko (D:1)
  3 bats
  2 giant cockroaches
  8 goblins
  4 hobgoblins
  4 kobolds
  2 ball pythons (D:2)
  A frilled lizard (D:1)
  4 rats
31 creatures vanquished.

Notes
Turn   | Place    | Note
-------+----------+-------------------------------------------
     0 | D:1      | lysyklops the Deep Elf Ice Elementalist began the quest for the Orb.
     0 | D:1      | Reached XP level 1. HP: 10/10 MP: 6/6
   117 | D:1      | Reached XP level 2. HP: 15/15 MP: 2/8
   198 | D:1      | Learned a level 2 spell: Throw Frost
   491 | D:1      | Reached skill level 4 in Ice Magic
   990 | D:2      | Reached XP level 3. HP: 19/19 MP: 7/10
  1540 | D:2      | Slain by a worm

Skill      XL: |  1  2 |
---------------+-------+-----
Ice Magic      | 4 |  4.1
Dodging        | |  2.7
Stealth        | |  2.6
Spellcasting   | |  3.7
Conjurations   | |  1.2

Action                   || total
-------------------------++-------
Melee: Dagger            ||     6
 Cast: Freeze            ||    16
       Throw Frost       ||    39
  Use: Scroll            ||     3
  Eat: Chunk             ||     1
       Royal jelly       ||     1
Armor: Robe              ||     2
Dodge: Dodged            ||     7
